New York Rangers vs Vegas Golden Knights
Created - Monday, November 13, 2023 at 07:18
Goals
|
| New York Rangers |
1 |
1 |
0 |
1 |
3 |
| Vegas Golden Knights |
1 |
0 |
1 |
0 |
2 |
|
Shots
|
| New York Rangers |
9 |
6 |
12 |
6 |
33 |
| Vegas Golden Knights |
17 |
8 |
7 |
0 |
32 |
|
1st period
1. Vegas Golden Knights , Chris Kreider 26 (Joe Pavelski 24) at 12:31 (PP)
2. New York Rangers , Pierre-Luc Dubois 22 (Mikael Granlund 29, Cole Caufield 22) at 13:43
Penalties :
Mark Giordano (NYR) for Slashing (Minor) at 1:13, Gabriel Landeskog (NYR) for Holding (Minor) at 11:21
2nd period
3. New York Rangers , Nathan MacKinnon 26 (Artemi Panarin 36, Pierre-Luc Dubois 27) at 12:19 (PP)
Penalties :
Eric Staal (VGK) for Hooking (Minor) at 1:23, Travis Hamonic (VGK) for Holding (Minor) at 7:32, Sean Monahan (VGK) for Holding (Minor) at 11:17
3rd period
4. Vegas Golden Knights , Tyler Bertuzzi 15 (Marc Staal 10) at 3:55
Penalties :
Vince Dunn (VGK) for Tripping (Minor) at 4:08, Reilly Smith (VGK) for High sticking (Double Minor) at 9:44, Sean Couturier (VGK) for Tripping (Minor) at 19:02
Overtime #1
5. New York Rangers , Mathew Barzal 23 (Pierre-Luc Dubois 28) at 1:07
Penalties :
No Penalty
Goalie Stats
Igor Shesterkin (NYR), 30 saves from 32 shots - (0.938), W, 35-5-4, 61:07 minutes
Philipp Grubauer (VGK), 30 saves from 33 shots - (0.909), OTL, 7-13-6, 61:07 minutes
Players Stats for New York Rangers
Player Name G A P +/- PIM S H SB GA TA FO MP PP MP PK MP
------------------------------------------------------------------------------------
Adam Larsson 0 0 0 0 0 2 4 1 0 1 0/0 25:10 6:40 1:39
Andre Burakovsky 0 0 0 0 0 0 0 0 0 0 0/0 15:36 4:54 0:00
Artemi Panarin 0 1 1 0 0 2 1 0 1 0 1/3 20:40 5:30 0:00
Cam Fowler 0 0 0 0 0 0 1 0 0 2 0/0 17:05 0:21 0:00
Cole Caufield 0 1 1 0 0 0 1 0 1 0 0/1 14:10 1:11 0:00
Conor Garland 0 0 0 0 0 3 0 1 0 0 0/0 8:59 0:00 1:37
David Kampf 0 0 0 0 0 1 1 0 0 0 3/6 13:43 5:26 1:32
Dmitry Kulikov 0 0 0 0 0 1 2 1 0 1 0/0 15:10 0:00 1:30
Filip Chytil 0 0 0 0 0 2 0 0 0 0 2/11 11:54 1:15 0:00
Gabriel Landeskog 0 0 0 0 2 1 1 0 2 0 0/0 15:36 5:28 0:00
Jake McCabe 0 0 0 1 0 0 1 1 0 0 0/0 15:56 0:00 1:12
Mark Giordano 0 0 0 0 2 0 1 1 0 0 0/0 20:03 4:54 0:27
Mathew Barzal 1 0 1 1 0 5 1 0 1 0 1/1 22:09 6:39 0:00
Matthew Benning 0 0 0 1 0 1 1 2 0 0 0/0 16:46 0:45 1:30
Mikael Granlund 0 1 1 0 0 5 0 1 0 0 2/8 19:18 5:01 1:37
Nathan MacKinnon 1 0 1 0 0 6 0 0 0 1 8/22 20:44 5:34 0:00
Pierre-Luc Dubois 1 2 3 1 0 2 2 0 1 1 4/15 18:13 5:01 0:00
Tyler Motte 0 0 0 0 0 2 2 0 0 0 0/0 10:05 0:56 1:32
Players Stats for Vegas Golden Knights
Player Name G A P +/- PIM S H SB GA TA FO MP PP MP PK MP
------------------------------------------------------------------------------------
Andrew Peeke 0 0 0 0 0 0 2 0 0 0 0/0 22:41 0:00 6:00
Chris Kreider 1 0 1 -1 0 6 4 0 0 0 1/1 15:30 1:18 1:16
Eric Staal 0 0 0 -1 2 0 0 0 0 0 1/2 12:27 0:00 4:47
Joe Pavelski 0 1 1 -1 0 1 2 0 2 1 3/4 16:04 1:18 1:29
John Marino 0 0 0 -1 0 0 0 0 0 1 0/0 16:00 1:04 1:12
Jordan Staal 0 0 0 0 0 0 0 1 0 1 14/19 18:34 0:00 5:50
Lars Eller 0 0 0 -1 0 4 1 1 1 1 10/14 13:33 0:00 5:50
Marc Staal 0 1 1 0 0 2 0 2 0 0 0/0 20:49 0:00 6:20
Marc-Edouard Vlasic 0 0 0 -1 0 2 1 2 0 0 0/0 19:34 0:00 6:26
Nikolaj Ehlers 0 0 0 0 0 1 1 0 0 0 0/2 13:47 1:04 0:00
Reilly Smith 0 0 0 1 4 3 2 0 0 2 0/0 14:30 2:05 0:45
Rickard Rakell 0 0 0 0 0 0 2 0 0 0 0/0 14:41 1:51 0:00
Sean Couturier 0 0 0 0 2 1 2 0 1 0 4/7 11:35 0:00 0:00
Sean Monahan 0 0 0 -1 2 1 1 0 0 0 12/17 14:48 1:51 0:00
Travis Hamonic 0 0 0 1 2 0 2 0 0 0 0/0 19:01 0:00 4:57
Tyler Bertuzzi 1 0 1 1 0 1 1 1 2 0 0/0 12:49 1:18 0:00
Vince Dunn 0 0 0 0 2 4 0 1 0 0 0/0 20:30 2:05 0:37
Zach Parise 0 0 0 0 0 6 2 0 0 0 1/1 14:32 1:51 5:17
3 Stars
1 - Pierre-Luc Dubois (NYR)
2 - Mathew Barzal (NYR)
3 - Tyler Bertuzzi (VGK)
Power Play
New York Rangers - 1 on 7 Attempt(s) - 14.29%
Vegas Golden Knights - 1 on 2 Attempt(s) - 50.00%
Penalty Kill
New York Rangers - 1 on 2 Attempt(s) - 50.00%
- Score 0 goal in Penalty Kill
Vegas Golden Knights - 6 on 7 Attempt(s) - 85.71%
- Score 0 goal in Penalty Kill
Team Stat
New York Rangers - Hits : 19 - Faceoff Wins : 21 - Blocked Shots : 8 - Penalty Minutes : 4
Vegas Golden Knights - Hits : 23 - Faceoff Wins : 46 - Blocked Shots : 8 - Penalty Minutes : 14
Official
Referees : Ghislain Hebert and Chris Lee
Linesman : Don Henderson and Tim Nowak
Game Notes
No Game Note
Finance
Level 1 -- Attendance: 6000 (100.00%) -- Ticket Income $570,000
Level 2 -- Attendance: 4648 (92.96%) -- Ticket Income $255,640
Level 3 -- Attendance: 3000 (100.00%) -- Ticket Income $90,000
Level 4 -- Attendance: 5000 (100.00%) -- Ticket Income $100,000
Luxury Box -- Attendance: 1000 (100.00%) -- Ticket Income $190,000
Game was played at the T-Mobile Arena.
Total Attendance: 19648 (98.24%)
Total Ticket Income: $1,205,640
Other Income: $421,974
Total Income: $1,627,614
New York Rangers
5 vs 5 Forward
Center Left Wing Right Wing Time % Phy DF OF
1 Nathan MacKinnon Artemi Panarin Mathew Barzal 35 0 1 4
2 Pierre-Luc Dubois Cole Caufield Mikael Granlund 30 1 1 3
3 Filip Chytil Andre Burakovsky Gabriel Landeskog 23 1 2 2
4 David Kampf Conor Garland Tyler Motte 12 1 3 1
5 vs 5 Defense
Defense Defense Time % Phy DF OF
1 Cam Fowler Adam Larsson 35 1 2 2
2 Dmitry Kulikov Mark Giordano 33 1 2 2
3 Matthew Benning Jake McCabe 32 1 2 2
4 Cam Fowler Adam Larsson 0 1 2 2
PowerPlay Forward
Center Left Wing Right Wing Time % Phy DF OF
1 Pierre-Luc Dubois Nathan MacKinnon Artemi Panarin 50 0 1 4
2 Mikael Granlund Gabriel Landeskog David Kampf 50 0 1 4
PowerPlay Defense
Defense Defense Time % Phy DF OF
1 Mathew Barzal Adam Larsson 60 1 1 3
2 Andre Burakovsky Mark Giordano 40 1 1 3
Penalty Kill 4 Players Forward
Center Wing Time % Phy DF OF
1 David Kampf Tyler Motte 50 1 3 1
2 Mikael Granlund Conor Garland 50 1 3 1
Penalty Kill 4 Players Defense
Defense Defense Time % Phy DF OF
1 Matthew Benning Dmitry Kulikov 50 1 3 1
2 Adam Larsson Mark Giordano 50 1 3 1
Penalty Kill - 3 Players Forward
Forward Time % Phy DF OF
1 Mikael Granlund 50 1 2 2
2 David Kampf 50 1 2 2
Penalty Kill - 3 Players Defense
Defense Defense Time % Phy DF OF
1 Matthew Benning Dmitry Kulikov 50 1 3 1
2 Adam Larsson Mark Giordano 50 1 3 1
4 vs 4 Forward
Center Wing Time % Phy DF OF
1 Nathan MacKinnon Artemi Panarin 50 0 2 3
2 Pierre-Luc Dubois Mathew Barzal 50 0 2 3
4 vs 4 Defense
Defense Defense Time % Phy DF OF
1 Cam Fowler Adam Larsson 50 1 2 2
2 Dmitry Kulikov Mark Giordano 50 1 2 2
Last Minutes Offensive
Center Left Wing Right Wing Defense Defense
Nathan MacKinnon Artemi Panarin Pierre-Luc Dubois Cam Fowler Adam Larsson
Last Minutes Defensive
Center Left Wing Right Wing Defense Defense
David Kampf Tyler Motte Mikael Granlund Dmitry Kulikov Adam Larsson
Goaltenders
Starting : Igor Shesterkin
Backup : Tristan Jarry
Extra Forwards
Normal : Nathan MacKinnon, Pierre-Luc Dubois, Gabriel Landeskog - PP : Gabriel Landeskog, Nathan MacKinnon - PK : David Kampf
Extra Defensemen
Normal : Matthew Benning, Jake McCabe, Dmitry Kulikov - PP : Matthew Benning - PK : Jake McCabe, Dmitry Kulikov
Penalty Shots
Artemi Panarin, Mikael Granlund, Pierre-Luc Dubois, Mark Giordano, Nathan MacKinnon
Vegas Golden Knights
5 vs 5 Forward
Center Left Wing Right Wing Time % Phy DF OF
1 Sean Monahan Chris Kreider Joe Pavelski 30 1 2 2
2 Jordan Staal Nikolaj Ehlers Rickard Rakell 30 1 2 2
3 Sean Couturier Tyler Bertuzzi Reilly Smith 25 1 2 2
4 Lars Eller Eric Staal Zach Parise 15 1 2 2
5 vs 5 Defense
Defense Defense Time % Phy DF OF
1 Vince Dunn Andrew Peeke 30 1 2 2
2 Marc Staal Travis Hamonic 30 1 2 2
3 Marc-Edouard Vlasic John Marino 25 1 2 2
4 Andrew Peeke Vince Dunn 15 1 2 2
PowerPlay Forward
Center Left Wing Right Wing Time % Phy DF OF
1 Joe Pavelski Chris Kreider Tyler Bertuzzi 50 1 2 2
2 Sean Monahan Rickard Rakell Zach Parise 50 1 2 2
PowerPlay Defense
Defense Defense Time % Phy DF OF
1 Reilly Smith Vince Dunn 50 1 2 2
2 Nikolaj Ehlers John Marino 50 1 2 2
Penalty Kill 4 Players Forward
Center Wing Time % Phy DF OF
1 Lars Eller Zach Parise 50 1 2 2
2 Eric Staal Jordan Staal 50 1 2 2
Penalty Kill 4 Players Defense
Defense Defense Time % Phy DF OF
1 Andrew Peeke Travis Hamonic 50 1 2 2
2 Marc-Edouard Vlasic Marc Staal 50 1 2 2
Penalty Kill - 3 Players Forward
Forward Time % Phy DF OF
1 Lars Eller 50 1 2 2
2 Jordan Staal 50 1 2 2
Penalty Kill - 3 Players Defense
Defense Defense Time % Phy DF OF
1 Andrew Peeke Travis Hamonic 50 1 2 2
2 Eric Staal Marc Staal 50 1 2 2
4 vs 4 Forward
Center Wing Time % Phy DF OF
1 Joe Pavelski Chris Kreider 50 1 2 2
2 Sean Monahan Reilly Smith 50 1 2 2
4 vs 4 Defense
Defense Defense Time % Phy DF OF
1 Andrew Peeke Travis Hamonic 50 1 2 2
2 Vince Dunn John Marino 50 1 2 2
Last Minutes Offensive
Center Left Wing Right Wing Defense Defense
Joe Pavelski Chris Kreider Nikolaj Ehlers Vince Dunn John Marino
Last Minutes Defensive
Center Left Wing Right Wing Defense Defense
Jordan Staal Zach Parise Eric Staal Marc Staal Andrew Peeke
Goaltenders
Starting : Philipp Grubauer
Backup : Alexandar Georgiev
Extra Forwards
Normal : Reilly Smith, Joe Pavelski, Chris Kreider - PP : Zach Parise, Sean Couturier - PK : Reilly Smith
Extra Defensemen
Normal : Marc Staal, Andrew Peeke, Vince Dunn - PP : Travis Hamonic - PK : John Marino, Andrew Peeke
Penalty Shots
Rickard Rakell, Sean Monahan, Zach Parise, Joe Pavelski, Chris Kreider
% Time on Ice - New York Rangers
Lines # - Real PCT - Wanted PCT - Time Play
Normal Forward
1 - 33% - 35% - 14:38
2 - 28% - 30% - 12:48
3 - 23% - 23% - 10:08
4 - 16% - 12% - 7:22
Normal Defense
1 - 36% - 35% - 16:04
2 - 32% - 33% - 14:21
3 - 32% - 32% - 14:31
4 - 0% - 0% - 0:00
PP Forward
1 - 48% - 50% - 5:42
2 - 52% - 50% - 6:13
PP Defense
1 - 59% - 60% - 7:01
2 - 41% - 40% - 4:54
PK Forward
1 - 49% - 50% - 1:32
2 - 51% - 50% - 1:37
PK Defense
1 - 48% - 50% - 1:30
2 - 52% - 50% - 1:39
PK3 Forward
1 - 0% - 50%
2 - 0% - 50%
PK3 Defense
1 - 0% - 50%
2 - 0% - 50%
44 Forward
1 - 60% - 50% - 0:40
2 - 40% - 50% - 0:27
44 Defense
1 - 60% - 50% - 0:40
2 - 40% - 50% - 0:27
Last Minute Offensive - 0:00
Last Minute Defensive - 0:00
Total
Forward - 61:07
Defense - 61:07
|
% Time on Ice - Vegas Golden Knights
Lines # - Real PCT - Wanted PCT - Time Play
Normal Forward
1 - 29% - 30% - 12:56
2 - 29% - 30% - 12:56
3 - 26% - 25% - 11:31
4 - 17% - 15% - 7:33
Normal Defense
1 - 31% - 30% - 13:49
2 - 31% - 30% - 14:00
3 - 27% - 25% - 12:14
4 - 11% - 15% - 4:53
PP Forward
1 - 41% - 50% - 1:18
2 - 59% - 50% - 1:51
PP Defense
1 - 66% - 50% - 2:05
2 - 34% - 50% - 1:04
PK Forward
1 - 48% - 50% - 5:42
2 - 52% - 50% - 6:13
PK Defense
1 - 50% - 50% - 5:57
2 - 50% - 50% - 5:58
PK3 Forward
1 - 55% - 50% - 0:34
2 - 45% - 50% - 0:28
PK3 Defense
1 - 65% - 50% - 0:40
2 - 35% - 50% - 0:22
44 Forward
1 - 100% - 50% - 0:05
2 - 0% - 50% - 0:00
44 Defense
1 - 0% - 50% - 0:00
2 - 100% - 50% - 0:05
Last Minute Offensive - 0:00
Last Minute Defensive - 0:00
Total
Forward - 61:07
Defense - 61:07
|
Play-by-Play
1st period
0:01 of 1st period - Sean Monahan wins face-off versus Nathan MacKinnon in neutral zone.
0:06 of 1st period - Slapshot by Chris Kreider.
0:06 of 1st period - Stopped by Igor Shesterkin without a rebound.
0:07 of 1st period - Nathan MacKinnon wins face-off versus Sean Monahan in New York Rangers zone.
0:18 of 1st period - Snap shot by Nathan MacKinnon.
0:18 of 1st period - Shot Misses the Net.
0:28 of 1st period - Snap shot by Nathan MacKinnon.
0:28 of 1st period - Stopped by Philipp Grubauer without a rebound.
0:29 of 1st period - Jordan Staal wins face-off versus Pierre-Luc Dubois in Vegas Golden Knights zone.
0:59 of 1st period - Wrist shot by Reilly Smith.
0:59 of 1st period - Stopped by Igor Shesterkin with a rebound.
1:01 of 1st period - Slapshot by Marc Staal.
1:01 of 1st period - Shot Blocked by Dmitry Kulikov.
1:03 of 1st period - Slapshot by Marc Staal.
1:03 of 1st period - Stopped by Igor Shesterkin with a rebound.
1:13 of 1st period - Minor Penalty to Mark Giordano for Slashing.
1:14 of 1st period - Joe Pavelski wins face-off versus David Kampf in New York Rangers zone.
1:17 of 1st period - Snap shot by Chris Kreider.
1:17 of 1st period - Stopped by Igor Shesterkin without a rebound.
1:18 of 1st period - David Kampf wins face-off versus Joe Pavelski in New York Rangers zone.
1:47 of 1st period - Slapshot by Vince Dunn.
1:47 of 1st period - Stopped by Igor Shesterkin without a rebound.
1:48 of 1st period - David Kampf wins face-off versus Sean Monahan in New York Rangers zone.
2:05 of 1st period - Snap shot by Mikael Granlund.
2:05 of 1st period - Stopped by Philipp Grubauer with a rebound.
2:07 of 1st period - Slapshot by Mikael Granlund.
2:07 of 1st period - Stopped by Philipp Grubauer without a rebound.
2:08 of 1st period - Joe Pavelski wins face-off versus David Kampf in Vegas Golden Knights zone.
3:13 of 1st period - Penalty to Mark Giordano is over, Mark Giordano is back on ice.
3:25 of 1st period - Off-side.
3:26 of 1st period - Lars Eller wins face-off versus Nathan MacKinnon in neutral zone.
4:14 of 1st period - Slapshot by Tyler Bertuzzi.
4:14 of 1st period - Shot Blocked by Mark Giordano.
4:16 of 1st period - Snap shot by Marc-Edouard Vlasic.
4:16 of 1st period - Shot Hit the Post.
4:30 of 1st period - Snap shot by Conor Garland.
4:30 of 1st period - Shot Misses the Net.
4:32 of 1st period - Snap shot by Conor Garland.
4:32 of 1st period - Deflect By David Kampf.
4:32 of 1st period - Shot Blocked by Marc-Edouard Vlasic.
4:32 of 1st period - Puck is out of play.
4:33 of 1st period - Sean Monahan wins face-off versus David Kampf in Vegas Golden Knights zone.
4:50 of 1st period - Andrew Peeke is hit by David Kampf and loses puck.
5:10 of 1st period - Off-side.
5:11 of 1st period - Jordan Staal wins face-off versus Pierre-Luc Dubois in neutral zone.
5:43 of 1st period - Snap shot by Tyler Bertuzzi.
5:43 of 1st period - Shot Misses the Net.
5:45 of 1st period - Slapshot by John Marino.
5:45 of 1st period - Deflect By Reilly Smith.
5:45 of 1st period - Shot Misses the Net.
5:45 of 1st period - Puck is out of play.
5:46 of 1st period - Nathan MacKinnon wins face-off versus Sean Couturier in New York Rangers zone.
6:13 of 1st period - Adam Larsson is hit by Rickard Rakell and loses puck.
6:57 of 1st period - Lars Eller is hit by Tyler Motte and loses puck.
7:22 of 1st period - Slapshot by Reilly Smith.
7:22 of 1st period - Shot Misses the Net.
7:30 of 1st period - Tyler Bertuzzi is hit by Dmitry Kulikov and loses puck.
7:45 of 1st period - Snap shot by Cole Caufield.
7:45 of 1st period - Deflect By Mikael Granlund.
7:45 of 1st period - Shot Misses the Net.
7:45 of 1st period - Puck is out of play.
7:46 of 1st period - Jordan Staal wins face-off versus Pierre-Luc Dubois in Vegas Golden Knights zone.
8:13 of 1st period - Snap shot by Mikael Granlund.
8:13 of 1st period - Shot Misses the Net.
8:17 of 1st period - Slapshot by Pierre-Luc Dubois.
8:17 of 1st period - Shot Misses the Net.
8:43 of 1st period - Snap shot by Mikael Granlund.
8:43 of 1st period - Deflect By Vince Dunn.
8:43 of 1st period - Stopped by Philipp Grubauer with a rebound.
8:45 of 1st period - Slapshot by Mikael Granlund.
8:45 of 1st period - Stopped by Philipp Grubauer with a rebound.
8:47 of 1st period - Slapshot by Pierre-Luc Dubois.
8:47 of 1st period - Deflect By Cole Caufield.
8:47 of 1st period - Shot Misses the Net.
8:47 of 1st period - Puck is out of play.
8:48 of 1st period - Chris Kreider wins face-off versus Artemi Panarin in Vegas Golden Knights zone.
9:19 of 1st period - Snap shot by Chris Kreider.
9:19 of 1st period - Stopped by Igor Shesterkin with a rebound.
9:21 of 1st period - Slapshot by Sean Monahan.
9:21 of 1st period - Shot Misses the Net.
9:23 of 1st period - Snap shot by Joe Pavelski.
9:23 of 1st period - Stopped by Igor Shesterkin with a rebound.
9:25 of 1st period - Slapshot by Marc-Edouard Vlasic.
9:25 of 1st period - Stopped by Igor Shesterkin with a rebound.
9:27 of 1st period - Snap shot by Marc-Edouard Vlasic.
9:27 of 1st period - Stopped by Igor Shesterkin without a rebound.
9:28 of 1st period - Lars Eller wins face-off versus Filip Chytil in New York Rangers zone.
9:29 of 1st period - Slapshot by Zach Parise.
9:29 of 1st period - Stopped by Igor Shesterkin with a rebound.
9:31 of 1st period - Slapshot by Marc Staal.
9:31 of 1st period - Stopped by Igor Shesterkin without a rebound.
9:32 of 1st period - Lars Eller wins face-off versus Filip Chytil in New York Rangers zone.
10:47 of 1st period - Wrist shot by Conor Garland.
10:47 of 1st period - Shot Blocked by Marc Staal.
11:21 of 1st period - Minor Penalty to Gabriel Landeskog for Holding.
11:22 of 1st period - Sean Monahan wins face-off versus Mikael Granlund in New York Rangers zone.
11:27 of 1st period - Slapshot by Sean Monahan.
11:27 of 1st period - Shot Misses the Net.
12:25 of 1st period - Wrist shot by Reilly Smith.
12:25 of 1st period - Shot Blocked by Adam Larsson.
12:27 of 1st period - Slapshot by Vince Dunn.
12:27 of 1st period - Stopped by Igor Shesterkin without a rebound.
12:28 of 1st period - Joe Pavelski wins face-off versus Mikael Granlund in New York Rangers zone.
12:31 of 1st period - Backhand shot by Chris Kreider.
12:31 of 1st period - Goal by Chris Kreider - New York Rangers : 0 - Vegas Golden Knights : 1.
12:32 of 1st period - Nathan MacKinnon wins face-off versus Sean Monahan in neutral zone.
12:37 of 1st period - Wrist shot by Mathew Barzal.
12:37 of 1st period - Deflect By Chris Kreider.
12:37 of 1st period - Stopped by Philipp Grubauer without a rebound.
12:38 of 1st period - Sean Monahan wins face-off versus Nathan MacKinnon in Vegas Golden Knights zone.
12:45 of 1st period - Snap shot by Chris Kreider.
12:45 of 1st period - Stopped by Igor Shesterkin without a rebound.
12:46 of 1st period - Jordan Staal wins face-off versus Nathan MacKinnon in New York Rangers zone.
12:53 of 1st period - Snap shot by Nikolaj Ehlers.
12:53 of 1st period - Shot Misses the Net.
12:55 of 1st period - Slapshot by Andrew Peeke.
12:55 of 1st period - Shot Misses the Net.
13:08 of 1st period - Icing by Matthew Benning.
13:09 of 1st period - Sean Monahan wins face-off versus Nathan MacKinnon in New York Rangers zone.
13:23 of 1st period - Wrist shot by Reilly Smith.
13:23 of 1st period - Shot Misses the Net.
13:43 of 1st period - Snap shot by Pierre-Luc Dubois.
13:43 of 1st period - Goal by Pierre-Luc Dubois - New York Rangers : 1 - Vegas Golden Knights : 1.
13:44 of 1st period - Jordan Staal wins face-off versus Filip Chytil in neutral zone.
14:10 of 1st period - Andrew Peeke is hit by Cam Fowler and loses puck.
14:53 of 1st period - Off-side.
14:54 of 1st period - David Kampf wins face-off versus Jordan Staal in neutral zone.
15:03 of 1st period - Wrist shot by Tyler Motte.
15:03 of 1st period - Stopped by Philipp Grubauer with a rebound.
15:05 of 1st period - Wrist shot by Conor Garland.
15:05 of 1st period - Shot Misses the Net.
16:05 of 1st period - Matthew Benning is hit by Andrew Peeke and loses puck.
17:06 of 1st period - Wrist shot by Zach Parise.
17:06 of 1st period - Shot Misses the Net.
17:08 of 1st period - Snap shot by Eric Staal.
17:08 of 1st period - Shot Blocked by Matthew Benning.
17:10 of 1st period - Snap shot by Lars Eller.
17:10 of 1st period - Shot Misses the Net.
17:12 of 1st period - Wrist shot by Travis Hamonic.
17:12 of 1st period - Shot Blocked by Jake McCabe.
17:14 of 1st period - Snap shot by Lars Eller.
17:14 of 1st period - Stopped by Igor Shesterkin with a rebound.
17:53 of 1st period - Matthew Benning is hit by Rickard Rakell and loses puck.
18:06 of 1st period - Jake McCabe is hit by Sean Monahan and loses puck.
18:15 of 1st period - Andre Burakovsky is hit by Chris Kreider and loses puck.
18:44 of 1st period - Mark Giordano is hit by Sean Couturier.
19:09 of 1st period - Wrist shot by Nikolaj Ehlers.
19:09 of 1st period - Stopped by Igor Shesterkin without a rebound.
19:10 of 1st period - Sean Monahan wins face-off versus Filip Chytil in New York Rangers zone.
19:15 of 1st period - Slapshot by Chris Kreider.
19:15 of 1st period - Stopped by Igor Shesterkin without a rebound.
19:16 of 1st period - Sean Monahan wins face-off versus Filip Chytil in New York Rangers zone.
19:39 of 1st period - Snap shot by Filip Chytil.
19:39 of 1st period - Stopped by Philipp Grubauer without a rebound.
19:40 of 1st period - Jordan Staal wins face-off versus Pierre-Luc Dubois in Vegas Golden Knights zone.
Goals for this period are 1 for New York Rangers vs 1 for Vegas Golden Knights.
Shots for this period are 9 for New York Rangers vs 17 for Vegas Golden Knights.
2nd period
0:01 of 2nd period - Sean Couturier wins face-off versus Nathan MacKinnon in neutral zone.
1:07 of 2nd period - Backhand shot by Adam Larsson.
1:07 of 2nd period - Shot Blocked by Marc-Edouard Vlasic.
1:09 of 2nd period - Wrist shot by David Kampf.
1:09 of 2nd period - Shot Misses the Net.
1:11 of 2nd period - Slapshot by Cam Fowler.
1:11 of 2nd period - Shot Misses the Net.
1:23 of 2nd period - Minor Penalty to Eric Staal for Hooking.
1:24 of 2nd period - Lars Eller wins face-off versus Pierre-Luc Dubois in Vegas Golden Knights zone.
1:37 of 2nd period - Travis Hamonic is hit by Artemi Panarin.
1:41 of 2nd period - Reilly Smith is hit by Pierre-Luc Dubois and loses puck.
3:03 of 2nd period - Andre Burakovsky is hit by Reilly Smith and loses puck.
3:23 of 2nd period - Penalty to Eric Staal is over, Eric Staal is back on ice.
3:30 of 2nd period - Reilly Smith is hit by Mark Giordano.
3:34 of 2nd period - Wrist shot by Reilly Smith.
3:34 of 2nd period - Stopped by Igor Shesterkin with a rebound.
3:36 of 2nd period - Slapshot by Reilly Smith.
3:36 of 2nd period - Shot Misses the Net.
3:56 of 2nd period - Matthew Benning is hit by Zach Parise and loses puck.
4:17 of 2nd period - Gabriel Landeskog is hit by Sean Couturier and loses puck.
4:34 of 2nd period - Jake McCabe is hit by Travis Hamonic and loses puck.
5:39 of 2nd period - Snap shot by Zach Parise.
5:39 of 2nd period - Stopped by Igor Shesterkin with a rebound.
5:41 of 2nd period - Snap shot by Eric Staal.
5:41 of 2nd period - Shot Blocked by Conor Garland.
5:43 of 2nd period - Wrist shot by Zach Parise.
5:43 of 2nd period - Stopped by Igor Shesterkin with a rebound.
6:11 of 2nd period - Matthew Benning is hit by Marc-Edouard Vlasic and loses puck.
6:58 of 2nd period - Filip Chytil is hit by Chris Kreider.
7:08 of 2nd period - Mathew Barzal is hit by Reilly Smith and loses puck.
7:25 of 2nd period - Travis Hamonic is hit by Matthew Benning and loses puck.
7:32 of 2nd period - Minor Penalty to Travis Hamonic for Holding.
7:33 of 2nd period - Lars Eller wins face-off versus Mikael Granlund in Vegas Golden Knights zone.
8:02 of 2nd period - Wrist shot by Nathan MacKinnon.
8:02 of 2nd period - Shot Blocked by Jordan Staal.
8:06 of 2nd period - Snap shot by Nathan MacKinnon.
8:06 of 2nd period - Shot Blocked by Marc Staal.
8:08 of 2nd period - Snap shot by Artemi Panarin.
8:08 of 2nd period - Shot Misses the Net.
8:28 of 2nd period - Wrist shot by Zach Parise.
8:28 of 2nd period - Stopped by Igor Shesterkin without a rebound.
8:29 of 2nd period - Zach Parise wins face-off versus Pierre-Luc Dubois in New York Rangers zone.
8:54 of 2nd period - Andrew Peeke is hit by Adam Larsson.
9:32 of 2nd period - Penalty to Travis Hamonic is over, Travis Hamonic is back on ice.
9:57 of 2nd period - Matthew Benning is hit by Tyler Bertuzzi and loses puck.
10:08 of 2nd period - Snap shot by Reilly Smith.
10:08 of 2nd period - Deflect By Tyler Bertuzzi.
10:08 of 2nd period - Shot Misses the Net.
10:08 of 2nd period - Puck is out of play.
10:09 of 2nd period - Pierre-Luc Dubois wins face-off versus Jordan Staal in New York Rangers zone.
10:22 of 2nd period - Snap shot by Mikael Granlund.
10:22 of 2nd period - Shot Misses the Net.
10:37 of 2nd period - Off-side.
10:38 of 2nd period - Jordan Staal wins face-off versus Nathan MacKinnon in neutral zone.
10:53 of 2nd period - Snap shot by Nathan MacKinnon.
10:53 of 2nd period - Stopped by Philipp Grubauer without a rebound.
10:54 of 2nd period - Sean Monahan wins face-off versus Cole Caufield in Vegas Golden Knights zone.
10:58 of 2nd period - Off-side.
10:59 of 2nd period - Sean Monahan wins face-off versus Pierre-Luc Dubois in neutral zone.
11:17 of 2nd period - Minor Penalty to Sean Monahan for Holding.
11:18 of 2nd period - Lars Eller wins face-off versus Mikael Granlund in Vegas Golden Knights zone.
11:25 of 2nd period - Slapshot by Zach Parise.
11:25 of 2nd period - Stopped by Igor Shesterkin with a rebound.
11:27 of 2nd period - Slapshot by Lars Eller.
11:27 of 2nd period - Stopped by Igor Shesterkin without a rebound.
11:28 of 2nd period - Lars Eller wins face-off versus Mikael Granlund in New York Rangers zone.
12:13 of 2nd period - Slapshot by Mathew Barzal.
12:13 of 2nd period - Deflect By Mikael Granlund.
12:13 of 2nd period - Shot Misses the Net.
12:13 of 2nd period - Puck is out of play.
12:14 of 2nd period - Pierre-Luc Dubois wins face-off versus Eric Staal in Vegas Golden Knights zone.
12:19 of 2nd period - Snap shot by Nathan MacKinnon.
12:19 of 2nd period - Goal by Nathan MacKinnon - New York Rangers : 2 - Vegas Golden Knights : 1.
12:20 of 2nd period - Nathan MacKinnon wins face-off versus Nikolaj Ehlers in neutral zone.
13:36 of 2nd period - Slapshot by Conor Garland.
13:36 of 2nd period - Stopped by Philipp Grubauer without a rebound.
13:37 of 2nd period - Jordan Staal wins face-off versus Nathan MacKinnon in Vegas Golden Knights zone.
14:10 of 2nd period - Pierre-Luc Dubois is hit by Joe Pavelski and loses puck.
14:45 of 2nd period - Tyler Motte is hit by Zach Parise and loses puck.
15:13 of 2nd period - Cole Caufield is hit by Nikolaj Ehlers and loses puck.
15:30 of 2nd period - Slapshot by Mathew Barzal.
15:30 of 2nd period - Stopped by Philipp Grubauer without a rebound.
15:31 of 2nd period - Nathan MacKinnon wins face-off versus Sean Monahan in Vegas Golden Knights zone.
16:07 of 2nd period - Icing by Marc-Edouard Vlasic.
16:08 of 2nd period - Sean Monahan wins face-off versus Pierre-Luc Dubois in Vegas Golden Knights zone.
17:16 of 2nd period - Wrist shot by Zach Parise.
17:16 of 2nd period - Shot Misses the Net.
17:18 of 2nd period - Slapshot by Vince Dunn.
17:18 of 2nd period - Deflect By Conor Garland.
17:18 of 2nd period - Stopped by Igor Shesterkin without a rebound.
17:19 of 2nd period - Artemi Panarin wins face-off versus Lars Eller in New York Rangers zone.
17:24 of 2nd period - Slapshot by Nathan MacKinnon.
17:24 of 2nd period - Shot Misses the Net.
17:50 of 2nd period - Slapshot by Reilly Smith.
17:50 of 2nd period - Stopped by Igor Shesterkin with a rebound.
18:14 of 2nd period - Wrist shot by Gabriel Landeskog.
18:14 of 2nd period - Stopped by Philipp Grubauer without a rebound.
18:15 of 2nd period - Nathan MacKinnon wins face-off versus Sean Couturier in Vegas Golden Knights zone.
19:16 of 2nd period - Snap shot by Lars Eller.
19:16 of 2nd period - Shot Blocked by Mikael Granlund.
19:38 of 2nd period - Snap shot by Pierre-Luc Dubois.
19:38 of 2nd period - Stopped by Philipp Grubauer with a rebound.
19:54 of 2nd period - Wrist shot by Reilly Smith.
19:54 of 2nd period - Deflect By Tyler Bertuzzi.
19:54 of 2nd period - Shot Misses the Net.
19:54 of 2nd period - Puck is out of play.
19:55 of 2nd period - Jordan Staal wins face-off versus Artemi Panarin in New York Rangers zone.
19:56 of 2nd period - Wrist shot by Nikolaj Ehlers.
19:56 of 2nd period - Shot Misses the Net.
Goals for this period are 1 for New York Rangers vs 0 for Vegas Golden Knights.
Shots for this period are 6 for New York Rangers vs 8 for Vegas Golden Knights.
3rd period
0:01 of 3rd period - Jordan Staal wins face-off versus Nathan MacKinnon in neutral zone.
0:04 of 3rd period - Slapshot by Vince Dunn.
0:04 of 3rd period - Stopped by Igor Shesterkin without a rebound.
0:05 of 3rd period - Jordan Staal wins face-off versus Nathan MacKinnon in New York Rangers zone.
0:28 of 3rd period - Snap shot by Artemi Panarin.
0:28 of 3rd period - Stopped by Philipp Grubauer without a rebound.
0:29 of 3rd period - Sean Couturier wins face-off versus Filip Chytil in Vegas Golden Knights zone.
0:42 of 3rd period - Slapshot by Sean Couturier.
0:42 of 3rd period - Stopped by Igor Shesterkin without a rebound.
0:43 of 3rd period - Nathan MacKinnon wins face-off versus Jordan Staal in New York Rangers zone.
0:43 of 3rd period - Nathan MacKinnon is hit by Andrew Peeke.
1:40 of 3rd period - Snap shot by Pierre-Luc Dubois.
1:40 of 3rd period - Shot Misses the Net.
1:42 of 3rd period - Slapshot by Mikael Granlund.
1:42 of 3rd period - Stopped by Philipp Grubauer without a rebound.
1:43 of 3rd period - Jordan Staal wins face-off versus Nathan MacKinnon in Vegas Golden Knights zone.
1:43 of 3rd period - Jordan Staal is hit by Mathew Barzal.
1:49 of 3rd period - Slapshot by Jordan Staal.
1:49 of 3rd period - Deflect By Rickard Rakell.
1:49 of 3rd period - Shot Misses the Net.
1:49 of 3rd period - Puck is out of play.
1:50 of 3rd period - Mathew Barzal wins face-off versus Jordan Staal in New York Rangers zone.
2:47 of 3rd period - Snap shot by Nathan MacKinnon.
2:47 of 3rd period - Shot Misses the Net.
2:50 of 3rd period - Icing by Vince Dunn.
2:51 of 3rd period - Filip Chytil wins face-off versus Nikolaj Ehlers in Vegas Golden Knights zone.
2:54 of 3rd period - Snap shot by Gabriel Landeskog.
2:54 of 3rd period - Shot Misses the Net.
2:56 of 3rd period - Slapshot by Mark Giordano.
2:56 of 3rd period - Shot Hit the Post.
2:58 of 3rd period - Wrist shot by Filip Chytil.
2:58 of 3rd period - Stopped by Philipp Grubauer with a rebound.
3:00 of 3rd period - Slapshot by Dmitry Kulikov.
3:00 of 3rd period - Deflect By Filip Chytil.
3:00 of 3rd period - Shot Misses the Net.
3:00 of 3rd period - Puck is out of play.
3:01 of 3rd period - Sean Monahan wins face-off versus Filip Chytil in Vegas Golden Knights zone.
3:34 of 3rd period - Slapshot by Lars Eller.
3:34 of 3rd period - Stopped by Igor Shesterkin with a rebound.
3:55 of 3rd period - Slapshot by Tyler Bertuzzi.
3:55 of 3rd period - Goal by Tyler Bertuzzi - New York Rangers : 2 - Vegas Golden Knights : 2.
3:56 of 3rd period - Sean Couturier wins face-off versus Nathan MacKinnon in neutral zone.
4:08 of 3rd period - Minor Penalty to Vince Dunn for Tripping.
4:09 of 3rd period - Lars Eller wins face-off versus Pierre-Luc Dubois in Vegas Golden Knights zone.
4:56 of 3rd period - Travis Hamonic is hit by Pierre-Luc Dubois and loses puck.
5:17 of 3rd period - Snap shot by Nathan MacKinnon.
5:17 of 3rd period - Stopped by Philipp Grubauer with a rebound.
5:19 of 3rd period - Slapshot by Adam Larsson.
5:19 of 3rd period - Stopped by Philipp Grubauer without a rebound.
5:20 of 3rd period - Eric Staal wins face-off versus Mikael Granlund in Vegas Golden Knights zone.
6:08 of 3rd period - Penalty to Vince Dunn is over, Vince Dunn is back on ice.
6:15 of 3rd period - Chris Kreider is hit by Tyler Motte and loses puck.
6:44 of 3rd period - Backhand shot by Vince Dunn.
6:44 of 3rd period - Deflect By Sean Monahan.
6:44 of 3rd period - Stopped by Igor Shesterkin without a rebound.
6:45 of 3rd period - Pierre-Luc Dubois wins face-off versus Sean Monahan in New York Rangers zone.
6:52 of 3rd period - Travis Hamonic is hit by Cole Caufield.
7:07 of 3rd period - Travis Hamonic is hit by Adam Larsson and loses puck.
8:07 of 3rd period - Snap shot by Mathew Barzal.
8:07 of 3rd period - Stopped by Philipp Grubauer with a rebound.
8:09 of 3rd period - Slapshot by Matthew Benning.
8:09 of 3rd period - Deflect By Joe Pavelski.
8:09 of 3rd period - Stopped by Philipp Grubauer with a rebound.
9:09 of 3rd period - Jordan Staal is hit by Dmitry Kulikov and loses puck.
9:44 of 3rd period - Double Minor Penalty to Reilly Smith for High sticking.
9:45 of 3rd period - Mikael Granlund wins face-off versus Lars Eller in Vegas Golden Knights zone.
12:57 of 3rd period - Mark Giordano is hit by Chris Kreider and loses puck.
13:44 of 3rd period - Penalty to Reilly Smith is over, Reilly Smith is back on ice.
14:18 of 3rd period - Off-side.
14:19 of 3rd period - Jordan Staal wins face-off versus Filip Chytil in neutral zone.
14:39 of 3rd period - Icing by Cam Fowler.
14:40 of 3rd period - Mikael Granlund wins face-off versus Lars Eller in New York Rangers zone.
14:49 of 3rd period - Wrist shot by Pierre-Luc Dubois.
14:49 of 3rd period - Shot Blocked by Vince Dunn.
15:03 of 3rd period - Mark Giordano is hit by Chris Kreider.
15:07 of 3rd period - Gabriel Landeskog is hit by Joe Pavelski and loses puck.
15:28 of 3rd period - Nathan MacKinnon is hit by Travis Hamonic and loses puck.
15:39 of 3rd period - Travis Hamonic is hit by Jake McCabe and loses puck.
15:54 of 3rd period - Matthew Benning is hit by Lars Eller and loses puck.
15:59 of 3rd period - Backhand shot by Zach Parise.
15:59 of 3rd period - Shot Misses the Net.
16:01 of 3rd period - Slapshot by Marc-Edouard Vlasic.
16:01 of 3rd period - Shot Blocked by Matthew Benning.
16:03 of 3rd period - Slapshot by Lars Eller.
16:03 of 3rd period - Stopped by Igor Shesterkin with a rebound.
16:19 of 3rd period - Snap shot by David Kampf.
16:19 of 3rd period - Stopped by Philipp Grubauer with a rebound.
16:25 of 3rd period - Wrist shot by Tyler Motte.
16:25 of 3rd period - Stopped by Philipp Grubauer without a rebound.
16:26 of 3rd period - Filip Chytil wins face-off versus Sean Couturier in Vegas Golden Knights zone.
16:41 of 3rd period - Slapshot by Tyler Bertuzzi.
16:41 of 3rd period - Shot Misses the Net.
16:57 of 3rd period - Wrist shot by Zach Parise.
16:57 of 3rd period - Stopped by Igor Shesterkin with a rebound.
17:32 of 3rd period - Wrist shot by Pierre-Luc Dubois.
17:32 of 3rd period - Shot Misses the Net.
17:56 of 3rd period - Backhand shot by Nathan MacKinnon.
17:56 of 3rd period - Shot Blocked by Tyler Bertuzzi.
18:02 of 3rd period - Reilly Smith is hit by Adam Larsson and loses puck.
18:21 of 3rd period - Snap shot by Conor Garland.
18:21 of 3rd period - Stopped by Philipp Grubauer with a rebound.
18:25 of 3rd period - Snap shot by Conor Garland.
18:25 of 3rd period - Stopped by Philipp Grubauer without a rebound.
18:26 of 3rd period - Sean Monahan wins face-off versus Filip Chytil in Vegas Golden Knights zone.
18:53 of 3rd period - Wrist shot by Artemi Panarin.
18:53 of 3rd period - Stopped by Philipp Grubauer without a rebound.
18:54 of 3rd period - Sean Couturier wins face-off versus Nathan MacKinnon in Vegas Golden Knights zone.
19:02 of 3rd period - Minor Penalty to Sean Couturier for Tripping.
19:03 of 3rd period - Lars Eller wins face-off versus Pierre-Luc Dubois in Vegas Golden Knights zone.
19:30 of 3rd period - Eric Staal is hit by Gabriel Landeskog and loses puck.
Goals for this period are 0 for New York Rangers vs 1 for Vegas Golden Knights.
Shots for this period are 12 for New York Rangers vs 7 for Vegas Golden Knights.
Overtime #1
0:01 of 1st overtime period - Nathan MacKinnon wins face-off versus Lars Eller in neutral zone.
0:04 of 1st overtime period - Snap shot by Nathan MacKinnon.
0:04 of 1st overtime period - Stopped by Philipp Grubauer with a rebound.
0:06 of 1st overtime period - Snap shot by Nathan MacKinnon.
0:06 of 1st overtime period - Stopped by Philipp Grubauer without a rebound.
0:07 of 1st overtime period - Lars Eller wins face-off versus Nathan MacKinnon in Vegas Golden Knights zone.
0:16 of 1st overtime period - Travis Hamonic is hit by Adam Larsson and loses puck.
0:33 of 1st overtime period - Slapshot by Cam Fowler.
0:33 of 1st overtime period - Shot Blocked by Lars Eller.
0:35 of 1st overtime period - Slapshot by Adam Larsson.
0:35 of 1st overtime period - Shot Misses the Net.
0:37 of 1st overtime period - Slapshot by Adam Larsson.
0:37 of 1st overtime period - Shot Misses the Net.
0:39 of 1st overtime period - Slapshot by Adam Larsson.
0:39 of 1st overtime period - Stopped by Philipp Grubauer without a rebound.
0:40 of 1st overtime period - Pierre-Luc Dubois wins face-off versus Jordan Staal in Vegas Golden Knights zone.
0:45 of 1st overtime period - Snap shot by Mathew Barzal.
0:45 of 1st overtime period - Stopped by Philipp Grubauer with a rebound.
0:47 of 1st overtime period - Snap shot by Pierre-Luc Dubois.
0:47 of 1st overtime period - Shot Misses the Net.
0:49 of 1st overtime period - Wrist shot by Dmitry Kulikov.
0:49 of 1st overtime period - Stopped by Philipp Grubauer without a rebound.
0:50 of 1st overtime period - Jordan Staal wins face-off versus Pierre-Luc Dubois in Vegas Golden Knights zone.
1:02 of 1st overtime period - Penalty to Sean Couturier is over, Sean Couturier is back on ice.
1:07 of 1st overtime period - Wrist shot by Mathew Barzal.
1:07 of 1st overtime period - Goal by Mathew Barzal - New York Rangers : 3 - Vegas Golden Knights : 2.
Goals for this period are 1 for New York Rangers vs 0 for Vegas Golden Knights.
Shots for this period are 6 for New York Rangers vs 0 for Vegas Golden Knights.
Back to the Top